 Dungeon Crawl Stone Soup version 0.31-a0-963-ga325b2283a (webtiles) character file.

Game seed: 1405619170971622989

12749 Getoffmy the Cruncher (level 12, 0/92 (97) HPs)
             Began as a Formicid Fighter on Oct 24, 2023.
             Was an Elder of Ignis.
             Slain by a white ugly thing (2 damage)
             ... on level 11 of the Dungeon.
             The game lasted 00:23:08 (11889 turns).

Getoffmy the Cruncher (Formicid Fighter)           Turns: 11889, Time: 00:23:08

HP:   0/92 (97)     AC: 16    Str: 26    XL:     12   Next: 24%
MP:   12/12         EV:  7    Int: 14    God:    Ignis [****..]
Gold: 909           SH:  7    Dex: 13    Spells: 11/11 levels left

rFire   + . .        a - +1 quarterstaff (flame)
rCold   . . .        c - +0 buckler
rNeg    . . .        n - +0 plate armour
rPois   .            (helmet unavailable)
rElec   .            v - +1 cloak
rCorr   .            (no gloves)
SInv    +            (no boots)
Will    +....        (no amulet) Stlth
                     s - +6 ring of intelligence
HPRegen 0.35/turn    (no ring)
MPRegen 0.13/turn

%: no passive effects
@: marked, studying Earth Magic, drained
A: permanent stasis, dig shafts and tunnels, antennae 3, four strong arms
a: Dig, Shaft Self, Renounce Religion, Fiery Armour, Foxfire Swarm, Rising Flame


You were on level 11 of the Dungeon.
You worshipped Ignis.
Ignis was greatly pleased with you.
You visited 2 branches of the dungeon, and saw 12 of its levels.
You also visited: Ossuary.

You collected 909 gold pieces.

Inventory:

Hand Weapons
 a - a +1 quarterstaff of flaming (weapon)
Missiles
 f - 6 boomerangs
 m - 94 stones
 r - 5 javelins
 x - 39 poisoned darts
 z - a curare-tipped dart
Armour
 c - a +0 buckler (worn)
 n - a +0 plate armour (worn)
 v - a +1 cloak (worn)
Jewellery
 s - a +6 ring of intelligence (left hand)
Wands
 b - a wand of polymorph (12)
 j - a wand of iceblast (9)
 t - a wand of flame (37)
 w - a wand of mindburst (15)
Scrolls
 h - 3 scrolls of vulnerability
 l - a scroll of brand weapon
 p - 2 scrolls of noise
 q - a scroll of enchant armour
 y - 2 scrolls of enchant weapon
 A - a scroll of revelation
Potions
 e - a potion of lignification
 g - a potion of cancellation
 i - 5 potions of curing
 k - 2 potions of brilliance
 o - a potion of invisibility {unknown}
 B - 2 potions of attraction


   Skills:
 + Level 9.9 Fighting
 * Level 12.1 Staves
 + Level 9.8 Armour
 + Level 11.7 Shields


You had 11 spell levels left.
You didn't know any spells.
Your spell library contained the following spells:

 Spells                   Type           Power      Damage    Failure   Level
 Poisonous Vapours        Pois/Air       0%         N/A       99%         2
 Inner Flame              Hex/Fire       0%         N/A       100%        3
 Mephitic Cloud           Conj/Pois/Air  0%         N/A       100%        3
 Flame Wave               Conj/Fire      0%         2d4       100%        4
 Sticky Flame             Conj/Fire      0%         2d3       100%        4
 Freezing Cloud           Conj/Ice/Air   0%         6-21      100%        5


Dungeon Overview and Level Annotations

Branches:
Dungeon (11/15)            Temple (1/1) D:5         Ossuary (visited)
   Lair: D:8-11         Orc: D:9-12

Altars:
Ashenzari
Cheibriados
Dithmenos
Elyvilon
Fedhas
Gozag
Hepliaklqana
Kikubaaqudgha
Makhleb
Nemelex Xobeh
Okawaru
Qazlal
Ru
Sif Muna
Trog
Uskayaw
Vehumet
Wu Jian
Xom
Yredelemnul
Zin
The Shining One
Ignis

Annotations:
Temple 2 transporters


Innate Abilities, Weirdness & Mutations

You cannot be hasted, slowed, berserked, paralysed or teleported.
You can dig through walls and to a lower floor.
You have a pair of large antennae on your head. (SInv)
Your four strong arms can wield two-handed weapons with a shield.


Message History

The white ugly thing is lightly wounded.
The white ugly thing kicks you! The white ugly thing freezes you!!
Non-targeted abil: Dig
Press: ? - help, Q - select action, (/) - cycle Dir - look around, f - activate You extend your mandibles.
You dig through the rock wall.
You feel drained.
You dig through the rock wall.
You feel drained.
The white ugly thing attacks as it pursues you!
You block the white ugly thing's attack.
You retract your mandibles.
You closely miss the white ugly thing.
The white ugly thing is lightly wounded.
A yak comes into view.
You feel much better. The white ugly thing kicks you.
The white ugly thing freezes you!
As you read the scroll of summoning, it crumbles to dust.
Wisps of shadow whirl around you... The white ugly thing kicks you.
The white ugly thing freezes you!!
You sock the white ugly thing! You burn the white ugly thing.
The white ugly thing is moderately wounded.
The white ugly thing barely misses you.
You sock the white ugly thing! You burn the white ugly thing.
The white ugly thing is heavily wounded.
The white ugly thing kicks you! The white ugly thing freezes you!!
* * * LOW HITPOINT WARNING * * *
You feel much better.
You block the white ugly thing's attack.
Okay, then.
You hit the white ugly thing. You burn the white ugly thing.
The white ugly thing is heavily wounded.
The white ugly thing kicks you! The white ugly thing freezes you!!
* * * LOW HITPOINT WARNING * * *
You thump the white ugly thing! You burn the white ugly thing.
The white ugly thing is severely wounded.
A yak comes into view.
The yak gores your two-headed ogre!
A komodo dragon comes into view.
You sock the white ugly thing! You burn the white ugly thing.
The white ugly thing is almost dead.
The white ugly thing kicks you.
You die...

....#..#.....##....#
...##....o..†.##..####
........{.....#...#..#
.....................#
. .......###.#......##
.......##.o...####
..........CO###
..#.##.)..{#u## . #.
##....##@# #
.......OT## ......Y##
(...... ...).{.
.......l.... .....
.Y##{ .... ./.. .O..
...


You could see a white ugly thing (ally target), a two-headed ogre, a cyclops, a
komodo dragon, 2 yaks, an orc wizard, an orc, a friendly two-headed ogre
(summoned) and a friendly troll (summoned).

Vanquished Creatures
  5 two-headed ogres
  A boulder beetle (D:11)
  Pikel (D:5)
  A manticore (D:11)
  The ghost of avis the Nimble, a novice FeFi (D:7)
  An elephant (D:11)
  A komodo dragon (D:11)
  A troll (D:9)
  A hornet (D:7)
  A shadow (D:7)
  14 yaks
  4 wyverns
  A wraith (D:7)
  A steam dragon (D:9)
  2 acid dragons
  2 water moccasins
  An ice beast (D:6)
  2 black bears
  2 orc warriors
  2 sky beasts
  3 ogres
  3 centaurs
  A phantom (D:6)
  4 kobold brigands
  3 bullfrogs
  3 scorpions
  10 killer bees
  2 howler monkeys (D:8)
  3 hounds
  4 jellies
  4 orc priests
  A gnoll bouda (D:6)
  3 sleepcaps
  4 iguanas
  Ijyb (D:3)
  5 orc wizards
  A mummy (Ossuary)
  10 gnolls
  10 adders
  A white imp (D:7)
  2 ufetubi (D:5)
  3 worms
  A dart slug (D:2)
  30 orcs
  A spectral bat (Ossuary)
  3 endoplasms
  4 giant cockroaches
  7 goblins
  4 hobgoblins
  2 jackals (D:1)
  31 kobolds
  2 quokkas
  11 ball pythons
  5 bats
  A bat simulacrum (Ossuary)
  2 frilled lizards
  12 gnoll zombies (Ossuary)
  4 goblin simulacra (Ossuary)
  5 goblin zombies (Ossuary)
  4 hobgoblin zombies
  A kobold simulacrum (Ossuary)
  7 kobold zombies (Ossuary)
  3 orc zombies (Ossuary)
  9 rats
  3 rat simulacra (Ossuary)
  3 spectral goblins (Ossuary)
  A spectral kobold (Ossuary)
  A spectral rat (Ossuary)
283 creatures vanquished.

Vanquished Creatures (collateral kills)
  An ice beast (D:6)
  A scorpion (D:6)
2 creatures vanquished.

Vanquished Creatures (others)
  8 foxfires (D:4)
8 creatures vanquished.

Grand Total: 293 creatures vanquished

Notes
Turn   | Place    | Note
-------+----------+-------------------------------------------
     0 | D:1      | Getoffmy the Formicid Fighter began the quest for the Orb.
     0 | D:1      | Reached XP level 1. HP: 18/18 MP: 1/1
   207 | D:1      | Reached XP level 2. HP: 24/24 MP: 2/2
   566 | D:1      | Reached XP level 3. HP: 29/29 MP: 3/3
  1032 | D:2      | Found a faded altar of an unknown god.
  1109 | D:2      | Prayed at the altar of an unknown god.
  1109 | D:2      | Became a worshipper of Ignis, the Dying Flame
  1162 | D:2      | Found a glowing golden altar of the Shining One.
  1489 | D:3      | Noticed Ijyb
  1612 | D:3      | Killed Ijyb
  1613 | D:3      | Reached skill level 3 in Staves
  1613 | D:3      | Reached XP level 4. HP: 35/37 MP: 4/4
  2292 | D:4      | Reached XP level 5. HP: 42/42 MP: 5/5
  2306 | D:4      | Reached skill level 5 in Shields
  2515 | D:4      | Reached skill level 4 in Staves
  2515 | D:4      | Reached XP level 6. HP: 3/48 MP: 6/6
  3388 | D:4      | Reached XP level 7. HP: 51/55 MP: 7/7
  3504 | D:4      | Found an ancient bone altar of Kikubaaqudgha.
  3775 | D:5      | Entered Level 5 of the Dungeon
  3830 | D:5      | Found a broken altar of Ashenzari.
  3968 | D:5      | Found a staircase to the Ecumenical Temple.
  3973 | D:5      | Reached skill level 5 in Staves
  4019 | D:5      | Noticed a water moccasin
  4026 | D:5      | Killed a water moccasin
  4027 | D:5      | Reached skill level 5 in Fighting
  4027 | D:5      | Reached skill level 5 in Armour
  4474 | D:5      | Reached XP level 8. HP: 34/62 MP: 8/8
  4689 | D:5      | Noticed Pikel
  4719 | D:5      | Killed Pikel
  4720 | D:5      | Reached skill level 6 in Staves
  4966 | Temple   | Found a transporter.
  4966 | Temple   | Found a transporter.
  4966 | Temple   | Found a transporter.
  4966 | Temple   | Found a transporter.
  4966 | Temple   | Entered the Ecumenical Temple
  5167 | D:6      | Reached XP level 9. HP: 51/69 MP: 9/9
  5255 | D:6      | Reached skill level 7 in Staves
  5862 | D:6      | Reached skill level 8 in Staves
  6208 | D:7      | Noticed a hornet
  6230 | D:7      | Killed a hornet
  6231 | D:7      | Reached XP level 10. HP: 50/79 MP: 10/10
  6573 | D:7      | Found a sand-covered staircase.
  6585 | Ossuary  | Entered an ossuary
  6864 | Ossuary  | Reached skill level 9 in Staves
  7143 | D:7      | Found a runed translucent door.
  7143 | D:7      | Noticed avis's ghost (novice FeFi)
  7281 | D:7      | Killed avis's ghost
  7696 | D:8      | Upgraded the game from 0.31-a0-960-g0fca184906 to
                  | 0.31-a0-963-ga325b2283a
  7855 | D:8      | Found a bloodstained altar of Trog.
  8124 | D:8      | Noticed a two-headed ogre
  8138 | D:8      | Killed a two-headed ogre
  8139 | D:8      | Reached skill level 10 in Staves
  8323 | D:8      | Reached skill level 10 in Shields
  8323 | D:8      | Reached XP level 11. HP: 59/87 MP: 11/11
  9641 | D:9      | Noticed a two-headed ogre
  9654 | D:9      | Killed a two-headed ogre
  9891 | D:10     | Entered Level 10 of the Dungeon
  9935 | D:10     | Reached skill level 11 in Staves
 10161 | D:10     | Noticed a two-headed ogre
 10178 | D:10     | Killed a two-headed ogre
 10948 | D:10     | Noticed a two-headed ogre
 10959 | D:10     | Killed a two-headed ogre
 11207 | D:11     | Noticed a two-headed ogre
 11235 | D:11     | Noticed a two-headed ogre
 11247 | D:11     | Killed a two-headed ogre
 11248 | D:11     | Reached XP level 12. HP: 55/96 MP: 12/12
 11455 | D:11     | Noticed a boulder beetle
 11475 | D:11     | Killed a boulder beetle
 11476 | D:11     | Reached skill level 12 in Staves
 11887 | D:11     | HP: 2/92 [white ugly thing (32)]
 11889 | D:11     | Slain by a white ugly thing

Illustrated notes

Levels and vault maps discovered:
D:1:      eino_arrival_cavern_b, layout_basic
D:2:      layout_loops_ring, shapermc_ecumenical_altar_acropolis, basic_altar
D:3:      layout_loops_ring, uniq_ijyb
D:4:      minmay_polygon_palace, layout_loops_ring, lemuel_tele_altar
D:5:      layout_cave_pods, ashenzari_altar_1,
          minmay_temple_entry_statues_fountains, uniq_pikel
D:6:      layout_basic
D:7:      layout_rooms, enter_ossuary_3, hellmonk_ghost_happy_afterlife,
          minmay_manual_mandibuliform
D:8:      layout_cave_pods, nicolae_overflow_crystal_walls
D:9:      layout_cross, chequers_decorated_corner
D:10:     layout_loops_ring, minmay_holes
D:11:     layout_cave_pools, grunt_lair_entry_orc_guard_hut, serial_shops,
          nicolae_shop_industrial_runoff
Temple:   hellmonk_temple_divided_pantheon

Skill      XL: |  1  2  3  4  5  6  7  8  9 10 11 12 |
---------------+-------------------------------------+-----
Staves         | 3 4 5 6 8 10 11 12 | 12.1
Fighting       | 4 5 6 7 8 9 |  9.9
Armour         | 4 5 6 7 8 9 |  9.8
Shields        | 5 6 7 8 10 11 | 11.7

Action                     |  1- 3 |  4- 6 |  7- 9 | 10-12 || total
---------------------------+-------+-------+-------+-------++-------
  Melee: Quarterstaff      |   112 |   140 |   204 |   560 ||  1016
         Unarmed           |     1 |       |       |       ||     1
  Throw: Dart              |       |       |       |     9 ||     9
 Invoke: Fiery Armour      |       |     2 |       |       ||     2
         Foxfire Swarm     |       |     1 |       |       ||     1
Ability: Dig               |       |       |     1 |     1 ||     2
    Use: Potion            |       |     1 |     1 |     8 ||    10
         Scroll            |       |       |    14 |     7 ||    21
 Armour: Scale mail        |    41 |       |       |       ||    41
         Chain mail        |    24 |   131 |   119 |   203 ||   477
         Skin              |    20 |       |     9 |    11 ||    40
         Plate armour      |       |       |       |   129 ||   129
  Dodge: Dodged            |    48 |    50 |    62 |   107 ||   267
  Block: Buckler           |    29 |    39 |    55 |   131 ||   254

Table legend: (Time is in decaauts)
 A = Elapsed time spent in this place.
 B = Non-inter-level travel time spent in this place.
 C = Inter-level travel time spent in this place.
 D = Time resting spent in this place.
 E = Time spent auto-exploring this place.
 F = Levels seen in this place.
 G = Mean time per level.
                   A        B        C        D        E       F      G
               +--------+--------+--------+--------+--------+-----+--------+
         Total |  11802 |  11366 |    436 |   3241 |   5774 |  13 |  907.8 |
       Dungeon |  11386 |  10950 |    436 |   3241 |   5597 |  11 | 1035.1 |
        Temple |      1 |      1 |      0 |      0 |      0 |   1 |    1.0 |
       Ossuary |    414 |    414 |      0 |      0 |    177 |   1 |  414.0 |
               +--------+--------+--------+--------+--------+-----+--------+

Top non-repeatable levels by time:
    D:10: 1594 daAuts
     D:4: 1583 daAuts
     D:8: 1368 daAuts
     D:5: 1213 daAuts
     D:6: 1180 daAuts
     D:9: 962 daAuts
     D:7: 909 daAuts
     D:1: 761 daAuts
     D:3: 746 daAuts
     D:2: 713 daAuts
 Ossuary: 414 daAuts
    D:11: 353 daAuts
  Temple: 1 daAuts
